 Dungeon Crawl Stone Soup version 0.30-a0-1160-g6e42c06551 (webtiles) character file.

Game seed: 9848205472827226707

22 IdlyInterested the Ducker (level 2, 0/23 HPs)
             Began as a Demonspawn Gladiator on Apr 26, 2023.
             Succumbed to an adder's poison
             ... on level 2 of the Dungeon.
             The game lasted 00:02:03 (756 turns).

IdlyInterested the Ducker (Demonspawn Gladiator)     Turns: 756, Time: 00:02:04

Health: 0/23       AC:  3    Str: 11 (14) XL:     2   Next: 68%
Magic:  2/2        EV: 12    Int:  8 (9)  God:
Gold:   41         SH:  0    Dex: 11 (14) Spells: 1/1 levels left

rFire   . . .        a - +0 rapier
rCold   . . .        (no shield)
rNeg    + . .        b - +0 leather armour
rPois   .            (helmet restricted)
rElec   .            (no cloak)
rCorr   .            (no gloves)
SInv    .            (no boots)
Will    .....        (no amulet)
Stlth   +            l - ring of positive energy
HPRegen 0.23/turn    (no ring)
MPRegen 0.08/turn

%: no passive effects
@: lethally poisoned (0 -> -5)
A: horns 1
a: no special abilities


You were on level 2 of the Dungeon.
You visited 1 branch of the dungeon, and saw 2 of its levels.

You collected 41 gold pieces.

Inventory:

Hand Weapons
 a - a +0 rapier (weapon)
Missiles
 d - 3 throwing nets
 e - a javelin
 g - 17 stones (quivered)
 i - 2 poisoned darts
Armour
 b - a +0 leather armour (worn)
Jewellery
 l - a ring of positive energy (left hand)
Scrolls
 m - a scroll of identify {unknown}
 n - a scroll of brand weapon {unknown}
 o - a scroll of noise {unknown}
Potions
 f - a potion of degeneration
 h - a potion of cancellation {unknown}
 j - a potion of mutation {unknown}
 k - a potion of heal wounds {unknown}


   Skills:
 + Level 2.4 Fighting
 * Level 2.9 Short Blades
 * Level 1.7 Throwing
 - Level 1.0 Armour
 - Level 3.0 Dodging


You had one spell level left.
You didn't know any spells.
Your spell library was empty.

Dungeon Overview and Level Annotations

Branches:
Dungeon (2/15)

Altars:


Innate Abilities, Weirdness & Mutations

You have a pair of small horns on your head.


Message History

You miss the quokka.
The quokka bites you but does no damage.
You barely miss the quokka. The quokka misses you.
You barely miss the quokka. Your headbutt misses the quokka.
The quokka barely misses you.
You miss the quokka. The quokka closely misses you. The quokka bites you.
You hit the quokka.
The quokka is heavily wounded.
The quokka bites you.
You hit the quokka.
You kill the quokka!
The adder bites you.
You are poisoned.
The adder poisons you!
Training target 1.0 for Armour reached!
Your Armour skill increases to level 1!
You hit the adder.
The adder is heavily wounded.
You feel sick. The adder bites you.
You closely miss the adder. Your headbutt misses the adder.
The adder is heavily wounded.
You feel sick. The adder bites you but does no damage.
You hit the adder but do no damage.
The adder is heavily wounded.
You feel sick. The adder bites you.
You hit the adder.
The adder is heavily wounded.
You feel sick. The adder bites you.
* * * LOW HITPOINT WARNING * * *
The adder closely misses you.
You closely miss the adder. Your headbutt misses the adder.
The adder is heavily wounded.
You feel sick. The adder bites you.
* * * LOW HITPOINT WARNING * * *
You are more poisoned.
The adder poisons you!
It was a potion of degeneration.
There was something very wrong with that liquid.
You feel weakened.
You feel dopey.
You feel clumsy.
You die...

## .# .# #
##.# #.
#..# #..
#@#
##...###S#
.........#
.......<.#
.........#
#....###.#
..... ..#
.... #.#
#.# #.#


You could see an adder.

Vanquished Creatures
  A dart slug (D:1)
  2 bats (D:1)
  3 endoplasms (D:1)
  2 quokkas (D:2)
  3 ball pythons (D:1)
  3 frilled lizards (D:1)
  3 kobolds (D:1)
  3 rats (D:1)
20 creatures vanquished.

Notes
Turn   | Place    | Note
-------+----------+-------------------------------------------
     0 | D:1      | IdlyInterested the Demonspawn Gladiator began the quest for
                  | the Orb.
     0 | D:1      | Reached XP level 1. HP: 16/16 MP: 1/1
    72 | D:1      | Reached skill level 3 in Dodging
    89 | D:1      | Discovered your monstrous ancestry.
    89 | D:1      | Gained mutation: You have a pair of small horns on your
                  | head. [demonic ancestry]
    89 | D:1      | Reached XP level 2. HP: 22/22 MP: 2/2
   751 | D:2      | Reached skill level 1 in Armour
   755 | D:2      | HP: 1/23 [adder (3)]
   756 | D:2      | Succumbed to an adder's poison

Illustrated notes

Levels and vault maps discovered:
D:1:      wander_arrival_desolate, layout_loops_ring
D:2:      layout_loops_ring, dreamdust_ecumenical_altar_grove, basic_altar

Skill      XL: |  1  2 |
---------------+-------+-----
Dodging        | 3 |  3.0
Armour         | 1 |  1.0
Fighting       | |  2.4
Short Blades   | |  2.9
Throwing       | |  1.7

Action                     || total
---------------------------++-------
  Melee: Rapier            ||    49
         Headbutt          ||     5
         Punch             ||     1
    Use: Potion            ||     1
   Stab: Sleeping          ||     2
 Armour: Leather armour    ||     8
  Dodge: Dodged            ||    27

Table legend: (Time is in decaauts)
 A = Elapsed time spent in this place.
 B = Non-inter-level travel time spent in this place.
 C = Inter-level travel time spent in this place.
 D = Time resting spent in this place.
 E = Time spent auto-exploring this place.
 F = Levels seen in this place.
 G = Mean time per level.
                   A        B        C        D        E       F      G
               +--------+--------+--------+--------+--------+-----+--------+
         Total |    758 |    665 |     93 |     33 |    474 |   2 |  379.0 |
       Dungeon |    758 |    665 |     93 |     33 |    474 |   2 |  379.0 |
               +--------+--------+--------+--------+--------+-----+--------+

Top non-repeatable levels by time:
     D:1: 734 daAuts
     D:2: 23 daAuts
